Map: Lost and Found LE

Players

sadman - Winner!

  • Race: Terran Terran
  • Spawn Location: 7:00

Michael

  • Race: Protoss Protoss
  • League: Platinum
  • Spawn Location: 1:00

VOD

Have the link to the VOD?

Description

Time

  • Played on: Oct. 13, 2018, 1:36 a.m.
  • Length: 6:03
Show
View Real Time Build Order
Export as new Build Order

sadman Terran - Winner!

Build Orders:  

Get SALT Encoding   

  12  0:01  SCV  
  13  0:13  SCV  
  14  0:17  Supply Depot  
  14  0:25  SCV  
  15  0:38  SCV  
  15  0:40  Barracks  
  16  0:43  Refinery  
  16  0:50  SCV  
  17  1:02  SCV  
  18  1:17  SCV  
  19  1:27  Marine  
  19  1:29  Orbital Command  
  20  1:39  Command Center  
  20  1:47  Barracks Reactor  
  20  1:52  Supply Depot  
  20  1:57  SCV  
  21  2:04  Refinery  
  21  2:09  SCV  
  22  2:17  Factory  
  22  2:22  SCV  
  23  2:23  Marine x2  
  25  2:34  SCV  
  26  2:45  Marine  
  26  2:46  SCV, Marine  
  29  2:53  Orbital Command  
  29  2:58  SCV  
  30  3:01  Starport  
  30  3:03  Marine x2  
  32  3:10  Supply Depot  
  32  3:14  SCV  
  33  3:20  SCV  
  34  3:30  Cyclone x2, Marine  
  34  3:33  SCV x2  
  32  3:41  Medivac  
  43  3:45  SCV  
  43  3:48  SCV  
  47  3:57  SCV, Marine  
  47  4:00  SCV  
  47  4:02  Hellion x2  
  54  4:17  Command Center, SCV  
  54  4:19  SCV  
  52  4:35  Barracks Tech Lab, SCV  
  52  4:36  SCV  
  52  4:38  Barracks  
  54  4:40  Bunker, Barracks, Factory Tech Lab  
  54  5:00  Supply Depot  
  54  5:21  Siege Tank, SCV x2  
  54  5:23  Marine  
  54  5:26  Marine x2  
  62  5:32  Command Center  
  62  5:33  SCV x2  
Show
View Real Time Build Order
Export as new Build Order

Michael Protoss 

Build Orders:  

Get SALT Encoding   

  1  0:00  Probe  
  12  0:07  Probe  
  14  0:21  Pylon  
  14  0:25  Probe  
  15  0:39  Probe  
  15  0:42  Gateway  
  16  0:48  Assimilator  
  16  0:51  Probe  
  17  1:00  Probe  
  18  1:20  Probe, Pylon  
  19  1:30  Cybernetics Core  
  19  1:32  Probe  
  20  1:34  Gateway  
  20  1:35  Zealot  
  22  1:45  Probe  
  22  1:46  Warp Gate  
  22  1:57  Probe  
  23  2:09  Probe  
  23  2:13  Zealot  
  26  2:22  Probe  
  27  2:33  Nexus  
  27  2:34  Probe  
  28  2:39  Zealot  
  30  2:46  Probe  
  31  2:51  Pylon  
  31  2:55  Pylon  
  31  3:09  Probe  
  31  3:11  Pylon  
  32  3:15  Zealot  
  34  3:21  Zealot, Probe  
  37  3:30  Stargate  
  37  3:33  Probe  
  38  3:41  Assimilator  
  38  3:43  Probe  
  38  3:46  Probe  
  40  3:51  Probe  
  40  3:54  Assimilator  
  41  3:58  Probe  
  42  4:06  Twilight Council, Pylon  
  42  4:15  Gateway  
  40  4:21  Void Ray  
  36  4:24  Zealot x2  
  44  4:44  Zealot  
  44  4:45  Zealot  
  39  4:55  Void Ray  
  43  5:07  Zealot  
  43  5:08  Zealot  
  40  5:40  Pylon  
  36  5:44  Pylon  
  36  6:01  Pylon  
Tags
 
Add a new tag
Caveats
  • Supply blocks, unpowered buildings, or Contaminate may cause inaccurate times.
  • Supply counts are checked every 10 seconds.